 Dungeon Crawl Stone Soup version 0.30-a0-728-gc68057be0a (webtiles) character file.

Game seed: 17484658094662357956

29 jimonade the Sneak (level 3, -4/17 (18) HPs)
             Began as a Vine Stalker Brigand on Jan 31, 2023.
             Slain by a goblin
             ... wielding a +0 dagger
             ... led by Robin
              (5 damage)
             ... on level 2 of the Dungeon.
             The game lasted 00:02:32 (1303 turns).

jimonade the Sneak (Vine Stalker Brigand)           Turns: 1303, Time: 00:02:32

HP:   -4/17 (18)    AC:  4    Str: 13    XL:     3   Next: 16%
MP:   0/4           EV: 11    Int: 11    God:
Gold: 41            SH:  5    Dex: 17    Spells: 2/2 levels left

rFire   . . .      SeeInvis .    b - +0 short sword (drain)
rCold   . . .      Faith    .    (no shield)
rNeg    . . .      Spirit   +    r - +0 robe
rPois   .          Reflect  +    (no helmet)
rElec   .          Harm     .    c - +0 cloak
rCorr   .          Rampage  .    (no gloves)
Will    .....                    o - +0 pair of boots
Stlth   +++                      p - amulet of reflection
HPRegen 0.22/turn                (no ring)
MPRegen 0.09/turn                (no ring)

@: drained
A: fangs 2, magic shield, antimagic bite, no potion heal 2
a: no special abilities


You were on level 2 of the Dungeon.
You visited 1 branch of the dungeon, and saw 2 of its levels.

You collected 41 gold pieces.

Inventory:

Hand Weapons
 a - a +2 dagger
 b - a +0 short sword of draining (weapon)
Missiles
 d - 9 poisoned darts (quivered)
 e - 3 curare-tipped darts
 t - 8 stones
 u - 3 atropa-tipped darts
Armour
 c - a +0 cloak (worn)
 o - a +0 pair of boots (worn)
 r - a +0 robe (worn)
 s - a +0 ring mail
Jewellery
 p - an amulet of reflection (around neck)
Scrolls
 f - 4 scrolls of identify {unknown}
 g - a scroll of enchant weapon {unknown}
 i - a scroll of blinking {unknown}
 k - a scroll of enchant armour {unknown}
 m - a scroll of noise {unknown}
 n - a scroll of teleportation {unknown}
 q - a scroll of fog {unknown}
 v - a scroll of magic mapping {unknown}
Potions
 h - a potion of might {unknown}
 j - 3 potions of heal wounds {unknown}
 l - a potion of flight {unknown}


   Skills:
 + Level 2.0 Fighting
 * Level 2.0 Short Blades
 + Level 1.8 Throwing
 + Level 0.7 Dodging
 + Level 5.8 Stealth


You had 2 spell levels left.
You didn't know any spells.
Your spell library was empty.

Dungeon Overview and Level Annotations

Branches:
Dungeon (2/15)

Altars:

Annotations:
D:2 Robin


Innate Abilities, Weirdness & Mutations

You have extremely sharp teeth.
When hurt, damage is shared between your health and your magic reserves.
Your bite disrupts and absorbs the magic of your enemies.
Potions cannot restore your health.


Message History

Robin roars a battlecry!
The goblins go into a battle-frenzy!
The hobgoblin closely misses you.
You barely miss the hobgoblin. You bite the hobgoblin. You drain its power.
You feel invigorated.
The hobgoblin is heavily wounded.
The goblin no longer looks unusually strong.
Robin roars a battlecry!
The goblin goes into a battle-frenzy!
The goblin hits you with a +0 dagger. You block the goblin's attack.
The hobgoblin hits you.
You hit the goblin. You drain the goblin.
You kill the goblin!
The goblin hits you but does no damage.
A goblin comes into view. It is wielding a +0 dagger.
The hobgoblin misses you.
Robin says, "My army is invincible!"
Robin throws the goblin at you! The goblin completely misses you.
Things that are here:
a +0 dagger; a goblin corpse The hobgoblin no longer looks unusually strong.
The goblin hits you but does no damage. The goblin attacks as you move away!
The goblin hits you with a +0 dagger.
* * * LOW HITPOINT WARNING * * *
Robin throws the goblin at you! The goblin hits you with a +0 dagger.
* * * LOW HITPOINT WARNING * * *
The goblin unwields a +0 sling.
The goblin wields a +0 club.
The goblin closely misses you.
You closely miss the goblin. The goblin misses you.
The goblin closely misses you.
You hit the goblin.
The goblin is heavily wounded.
The goblin hits you but does no damage. You block the goblin's attack.
The hobgoblin hits you but does no damage.
The goblin hits you with a +0 club.
* * * LOW HITPOINT WARNING * * *
You closely miss the goblin.
The goblin is heavily wounded.
The goblin hits you with a +0 dagger.
You die...

..........#########
#.#...............##
...?#..#.g.g..##...##
#..##..##g..........#
#.. #....B###.##..
.......##g# #.# ..####
#g###.## #
.######gg....# .#
.......g@###)##.#
.#######g# #....#
#.###..†## #.
.#######.....#.####.#
....................#
#########..###.####.##
#..# #.###...##
#..###.##.....###
#######.............<..


You could see Robin, a giant cockroach, 2 hobgoblins and 5 goblins.

Vanquished Creatures
  3 endoplasms (D:1)
  3 goblins (D:2)
  2 hobgoblins
  2 jackals (D:1)
  5 kobolds
  3 quokkas (D:1)
  4 ball pythons
  2 bats (D:1)
  A frilled lizard (D:1)
  A rat (D:1)
  A bush (D:1)
27 creatures vanquished.

Vanquished Creatures (others)
  A plant (D:1)
1 creature vanquished.

Grand Total: 28 creatures vanquished

Notes
Turn   | Place    | Note
-------+----------+-------------------------------------------
     0 | D:1      | jimonade the Vine Stalker Brigand began the quest for the
                  | Orb.
     0 | D:1      | Reached XP level 1. HP: 11/11 MP: 2/2
    82 | D:1      | Reached skill level 5 in Stealth
   186 | D:1      | Reached XP level 2. HP: 13/15 MP: 3/3
  1238 | D:2      | Reached XP level 3. HP: 16/16 MP: 4/4
  1276 | D:2      | Noticed Robin
  1303 | D:2      | Slain by a goblin

Illustrated notes

Levels and vault maps discovered:
D:1:      nicolae_arrival_washed_ashore, layout_basic, serial_forest,
          infiniplex_forest_clump_small, infiniplex_forest_straight_3,
          infiniplex_forest_straight_3, infiniplex_forest_lined_2,
          infiniplex_forest_end_2, infiniplex_forest_straight_2,
          infiniplex_forest_end_3, infiniplex_forest_clump_curved,
          infiniplex_forest_clump_diagonal, infiniplex_forest_end_2,
          hangedman_decor_clover_reticule, kennysheep_flooded_box,
          hangedman_abyss_or_decor_stabs
D:2:      layout_loops_ring, uniq_robin

Skill      XL: |  1  2  3 |
---------------+----------+-----
Stealth        | 5 |  5.8
Fighting       | 2 |  2.0
Short Blades   | 2 |  2.0
Throwing       | |  1.8
Dodging        | |  0.7

Action                     || total
---------------------------++-------
  Melee: Dagger            ||    49
         Short sword       ||    67
         Bite              ||    33
   Stab: Sleeping          ||     8
 Armour: Robe              ||    20
  Dodge: Dodged            ||    44
  Block: Other             ||     9

Table legend: (Time is in decaauts)
 A = Elapsed time spent in this place.
 B = Non-inter-level travel time spent in this place.
 C = Inter-level travel time spent in this place.
 D = Time resting spent in this place.
 E = Time spent auto-exploring this place.
 F = Levels seen in this place.
 G = Mean time per level.
                   A        B        C        D        E       F      G
               +--------+--------+--------+--------+--------+-----+--------+
         Total |   1291 |   1186 |    105 |      0 |    919 |   2 |  645.5 |
       Dungeon |   1291 |   1186 |    105 |      0 |    919 |   2 |  645.5 |
               +--------+--------+--------+--------+--------+-----+--------+

Top non-repeatable levels by time:
     D:1: 1193 daAuts
     D:2: 98 daAuts
